 Dungeon Crawl Stone Soup version 0.25-a0-2-g6559c6c67a (webtiles) character file.

Game seed: 10810948443635402549, levelgen mode: deterministic

95 Dycilia the Grave Robber (level 4, 0/30 HPs)
             Began as a Mummy Necromancer on Oct 14, 2019.
             Slain by a bullfrog zombie (6 damage)
             ... on level 3 of the Dungeon.
             The game lasted 00:17:16 (2480 turns).

Dycilia the Grave Robber (Mummy Necromancer)        Turns: 2480, Time: 00:17:16

Health: 0/30       AC:  2    Str: 11    XL:     4   Next: 39%
Magic:  10/10      EV: 12    Int: 15    God:
Gold:   77         SH:  0    Dex: 12    Spells: 5/11 levels left

rFire    x . .     SeeInvis .   (no weapon)
rCold    + . .     Gourm    .   (no shield)
rNeg     + + +     Faith    .   a - +0 robe
rPois    ∞         Spirit   .   (no helmet)
rElec    .         Reflect  .   (no cloak)
rCorr    .         Harm     .   (no gloves)
MR       .....                  (no boots)
Stlth    ++........             (no amulet)
HPRegen  0.10/turn              (no ring)
MPRegen  0.12/turn              (no ring)

@: no status effects
A: no food or potions, fire vulnerability, cold resistance 1, negative energy
resistance 3, torment resistance, unbreathing
a: no special abilities


You were on level 3 of the Dungeon.
You were not hungry.

You visited 1 branch of the dungeon, and saw 3 of its levels.

You collected 77 gold pieces.

Inventory:

Armour
 a - a +0 robe (worn)
 h - a +1 robe of positive energy
Jewellery
 f - an uncursed amulet of magic regeneration {unknown}
Scrolls
 b - 2 scrolls of teleportation
 d - a scroll of enchant weapon


   Skills:
 - Level 1.5 Dodging
 + Level 1.8 Stealth
 + Level 4.0 Spellcasting
 + Level 5.2 Necromancy


You had 5 spell levels left.
You knew the following spells:

 Your Spells              Type           Power        Failure   Level  Hunger
a - Pain                  Necr           ###.         2%          1    N/A
b - Animate Skeleton      Necr           N/A          2%          1    N/A
c - Animate Dead          Necr           N/A          22%         4    N/A

Your spell library contained the following spells:

 Spells                   Type           Power        Failure   Level  Hunger
 Vampiric Draining        Necr           ###.......   6%          3    N/A
 Regeneration             Chrm/Necr      Unusable     N/A         3    N/A

Dungeon Overview and Level Annotations

Branches:
Dungeon (3/15)

Altars:
Nemelex Xobeh

Annotations:
D:3 Natasha


Innate Abilities, Weirdness & Mutations

You do not eat or drink.
Your flesh is vulnerable to fire.
You are immune to poison.
Your flesh is cold resistant. (rC+)
You are immune to negative energy. (rN+++)
You are immune to unholy pain and torment.
You can survive without breathing.


Message History

You hit the bullfrog zombie.
The bullfrog zombie is lightly damaged.
The bullfrog zombie hits you. x2
You hit the bullfrog zombie.
The bullfrog zombie is lightly damaged.
The bullfrog zombie hits you.
You hit the bullfrog zombie.
The bullfrog zombie is lightly damaged.
The bullfrog zombie hits you.
* * * LOW HITPOINT WARNING * * *
You hit the bullfrog zombie but do no damage.
The bullfrog zombie is lightly damaged.
The bullfrog zombie misses you.
You hit the bullfrog zombie but do no damage.
The bullfrog zombie is lightly damaged.
The bullfrog zombie closely misses you. x2
You hit the bullfrog zombie.
The bullfrog zombie is moderately damaged.
The bullfrog zombie hits you.
You die...

####?## .....#.
..... .# #..######
#.# #.......## #.#
......####...## #.#
####. #.....# #.#
##..###....Z#####.#
...........@....#.#
##..####...###....#
# ##.#....#..#
.#####.#.##...##
#.........##.##
########.###.#
#.###.## ########
#.##...## #.......
###.#.....###(#####.


You could see a bullfrog zombie.

Vanquished Creatures
  4 adders (D:2)
  An ooze (D:2)
  A dart slug (D:1)
  2 leopard geckos
  2 giant cockroaches (D:1)
  7 goblins
  11 hobgoblins
  3 jackals (D:1)
  A ball python (D:1)
  3 bats
  8 kobolds
  4 rats (D:1)
47 creatures vanquished.

Vanquished Creatures (collateral kills)
  A leopard gecko (D:2)
  2 hobgoblins
  A kobold (D:2)
4 creatures vanquished.

Grand Total: 51 creatures vanquished

Notes
Turn   | Place    | Note
-------+----------+-------------------------------------------
     0 | D:1      | Dycilia the Mummy Necromancer began the quest for the Orb.
     0 | D:1      | Reached XP level 1. HP: 13/13 MP: 4/4
   222 | D:1      | Reached XP level 2. HP: 19/19 MP: 0/5
   304 | D:1      | Learned a level 1 spell: Animate Skeleton
   715 | D:1      | Reached XP level 3. HP: 24/24 MP: 1/7
  1518 | D:2      | Found a sparkling altar of Nemelex Xobeh.
  1563 | D:2      | Reached skill level 5 in Necromancy
  1632 | D:2      | Reached XP level 4. HP: 30/30 MP: 3/9
  1688 | D:2      | Learned a level 4 spell: Animate Dead
  2121 | D:2      | Noticed an ogre
  2400 | D:3      | Noticed Natasha
  2480 | D:3      | Slain by a bullfrog zombie

Levels and vault maps discovered:
D:1:      dpeg_cavernosity, layout_basic
D:2:      minmay_alternating_diamond, layout_loops_cross,
          nemelex_diamond_rough_becter
D:3:      layout_loops_ring, marbit_many_paths, first_ration,
          kennysheep_cluttered_room, lemuel_flame_loot_1, uniq_natasha,
          uniq_terence

Skill      XL: |  1  2  3  4 |
---------------+-------------+-----
Spellcasting   | 3 4 |  4.0
Necromancy     | 5 |  5.2
Dodging        | |  1.5
Stealth        | |  1.8

Action                   |  1- 3 |  4- 6 || total
-------------------------+-------+-------++-------
Melee: Unarmed           |     2 |    10 ||    12
 Cast: Pain              |    79 |    18 ||    97
       Animate Skeleton  |    13 |     7 ||    20
  Use: Scroll            |       |     6 ||     6
Armor: Robe              |     4 |     1 ||     5
Dodge: Dodged            |    10 |     9 ||    19

Table legend:
 A = Non-vault XP
 B = Vault XP
 C = Vault XP percentage of total XP
 D = Non-vault monster count
 E = Vault monster count
 F = Vault count percentage of total count
                 A         B        C        D         E       F
            +---------+---------+-------+---------+---------+-------
      Total |     116 |      20 |  14.7 |      42 |       9 |  17.6
            +---------+---------+-------+---------+---------+-------
        D:1 |      61 |       5 |   7.6 |      33 |       4 |  10.8
        D:2 |      55 |      15 |  21.4 |       9 |       5 |  35.7
            +---------+---------+-------+---------+---------+-------
